 Dungeon Crawl Stone Soup version 0.28.0-47-ge53b351184 (webtiles) character file.

Game seed: 4945827024262768258

763 Icepheonix32 the Frost Mage (level 7, -7/46 HPs)
             Began as a Demonspawn Ice Elementalist on May 4, 2022.
             Mangled by an ogre
             ... wielding a +0 giant club
              (19 damage)
             ... on level 5 of the Dungeon.
             The game lasted 00:08:20 (6356 turns).

Icepheonix32 the Frost Mage (DsIE)                  Turns: 6356, Time: 00:08:21

Health: -7/46      AC:  3    Str: 10    XL:     7   Next: 51%
Magic:  8/11       EV: 12    Int: 18    God:
Gold:   162        SH:  0    Dex: 17    Spells: 5/12 levels left

rFire   . . .      SeeInvis .   i - +4 scimitar "Kifremax" {vorpal, rN+ Str+2 Dex+3}
rCold   . . .      Faith    .   (no shield)
rNeg    + . .      Spirit   .   a - +0 robe
rPois   .          Reflect  .   u - +0 helmet
rElec   .          Harm     .   (no cloak)
rCorr   .          Rampage  .   (no gloves)
Will    ++...                   (no boots)
Stlth   ++........              (no amulet)
HPRegen 0.15/turn               g - ring of willpower
MPRegen 0.12/turn               p - ring of willpower

@: freezing walls
A: hooves 1, foul stench 1
a: no special abilities


You were on level 5 of the Dungeon.
You visited 1 branch of the dungeon, and saw 5 of its levels.
You also visited: Sewer.

You collected 162 gold pieces.

Inventory:

Hand Weapons
 f - a +0 short sword
 i - the +4 scimitar "Kifremax" (weapon) {vorpal, rN+ Str+2 Dex+3}
   (You found it on level 2 of the Dungeon)

   It inflicts extra damage upon your enemies.
   Str:       It affects your strength (+2).
   Dex:       It affects your dexterity (+3).
   rN:        It protects you from negative energy.
Missiles
 l - 49 sling bullets
Armour
 a - a +0 robe (worn)
 u - a +0 helmet (worn)
Jewellery
 c - an amulet of faith
 g - a ring of willpower (left hand)
 p - a ring of willpower (right hand)
Scrolls
 b - a scroll of noise
 d - a scroll of magic mapping
 m - a scroll of teleportation {unknown}
 n - a scroll of fear
 r - a scroll of vulnerability
 t - a scroll of fog
 v - a scroll of summoning {unknown}
Potions
 e - a potion of mutation {unknown}
 h - 2 potions of brilliance
 j - 2 potions of curing
 k - a potion of haste
 o - 2 potions of attraction {unknown}
 q - 2 potions of magic
 s - a potion of flight


   Skills:
 - Level 1.7 Dodging
 - Level 1.7 Stealth
 - Level 3.1 Spellcasting
 + Level 8.2 Ice Magic


You had 5 spell levels left.
You knew the following spells:

 Your Spells              Type           Power      Damage    Failure   Level
a - Freeze                Ice            100%       1d11      1%          1
b - Ozocubu's Armour      Ice            32%        N/A       1%          3
c - Frozen Ramparts       Ice            64%        1d8       1%          3

Your spell library contained the following spells:

 Spells                   Type           Power      Damage    Failure   Level
 Pain                     Necr           8%         1d4       16%         1
 Corpse Rot               Necr/Air       4%         N/A       24%         2
 Hailstorm                Conj/Ice       17%        3d6       30%         4
 Dispel Undead            Necr           2%         3d7       85%         4
 Agony                    Necr           2%         N/A       99%         5
 Excruciating Wounds      Necr           1%         N/A       99%         5
 Death Channel            Necr           1%         N/A       100%        6


Dungeon Overview and Level Annotations

Branches:
Dungeon (5/15)              Sewer (visited)
 Temple: D:4-7

Altars:
Fedhas
Sif Muna
Uskayaw

Annotations:
D:5 Grinder


Innate Abilities, Weirdness & Mutations

You have large cloven feet.
You may rarely emit foul miasma when damaged in melee.


Message History

Press: ? - help, Dir - look around, f - activate The walls around you are covered in ice.
Unknown command.
You hit Grinder. Your kick misses Grinder.
Grinder is severely wounded.
Grinder completely resists.
The wall freezes Grinder but does no damage.
Grinder hits you!
* * * LOW HITPOINT WARNING * * *
You writhe in agony.
* * * LOW HITPOINT WARNING * * *
You hit Grinder. You kick Grinder.
Grinder is almost dead.
Grinder completely resists.
The wall freezes Grinder but does no damage.
Grinder blinks!
Unknown command.
Your frozen ramparts will break if you move.
Continue?
The frozen ramparts melt away as you move.
Found a potion of curing.
Found 14 gold pieces.
An ogre comes into view. It is wielding a +0 giant club.
The ogre shouts!
You see here a potion of curing.
j - 2 potions of curing (gained 1)
Found 8 stones.
Found a stone staircase leading down.
Your extra speed is starting to run out.
You see here 8 stones.
You feel yourself slow down.
An ogre is nearby!
A water moccasin comes into view.
Found 26 stones and an iron wand.
Casting: Frozen Ramparts (safe; 1% risk of failure)
Confirm with . or Enter, or press ? or * to list all spells.
Casting: Frozen Ramparts (safe; 1% risk of failure)
Press: ? - help, Dir - look around, f - activate The walls around you are covered in ice.
The wall freezes the ogre.
The ogre hits you with a +0 giant club!!
You die...

##.## ##.##
#..# #
##.## #.
##..# #..
#..##
#..##..#
#...O###
##...@.#
##......#
#........#
#..S......#
##.(.......
.../......
.#........
.##........


You could see a water moccasin and an ogre.

Vanquished Creatures
  A water moccasin (Sewer)
  A black bear (D:5)
  A bullfrog (D:3)
  2 jellies (D:4)
  An orc priest (D:3)
  A hound (D:5)
  A bullfrog skeleton (D:5)
  3 iguanas
  2 orc wizards (D:5)
  A hound zombie (D:3)
  3 hound skeletons
  Robin (D:4)
  5 adders
  A howler monkey skeleton (D:3)
  A river rat (D:3)
  2 adder skeletons (D:3)
  2 worms (D:3)
  4 dart slugs
  5 orcs
  5 ball pythons
  5 bats
  6 endoplasms
  3 giant cockroaches
  19 goblins
  9 hobgoblins
  6 jackals
  8 kobolds
  4 quokkas
  4 frilled lizards
  A jackal zombie (D:3)
  A quokka skeleton (D:4)
  7 rats
116 creatures vanquished.

Vanquished Creatures (others)
  5 fungi (D:3)
  A plant (D:3)
  7 withered plants (D:3)
13 creatures vanquished.

Grand Total: 129 creatures vanquished

Notes
Turn   | Place    | Note
-------+----------+-------------------------------------------
     0 | D:1      | Icepheonix32 the Demonspawn Ice Elementalist began the
                  | quest for the Orb.
     0 | D:1      | Reached XP level 1. HP: 13/13 MP: 3/3
   456 | D:1      | Gained mutation: You may rarely emit foul miasma when
                  | damaged in melee. [demonic ancestry]
   456 | D:1      | Reached XP level 2. HP: 17/19 MP: 3/5
   499 | D:1      | Reached skill level 4 in Ice Magic
  1387 | D:1      | Reached XP level 3. HP: 15/24 MP: 6/6
  1598 | D:1      | Learned a level 3 spell: Ozocubu's Armour
  1602 | D:1      | Learned a level 3 spell: Frozen Ramparts
  1654 | D:2      | Identified the +4 scimitar "Kifremax" {vorpal, rN+ Str+2
                  | Dex+3}
  1826 | D:2      | Reached XP level 4. HP: 12/30 MP: 1/8
  2597 | D:3      | Found a shimmering blue altar of Sif Muna.
  2602 | D:3      | Reached skill level 5 in Ice Magic
  2628 | D:3      | Found a glowing drain.
  2638 | D:3      | Found a blossoming altar of Fedhas.
  2664 | Sewer    | Entered a sewer
  2708 | Sewer    | Noticed a water moccasin
  2747 | Sewer    | Killed a water moccasin
  2748 | Sewer    | Reached XP level 5. HP: 29/35 MP: 2/9
  3021 | D:3      | Reached skill level 6 in Ice Magic
  3540 | D:3      | Reached XP level 6. HP: 37/41 MP: 10/10
  3996 | D:3      | Found a faded altar of an unknown god.
  4355 | D:4      | Reached skill level 7 in Ice Magic
  4942 | D:4      | Found a hide-covered altar of Uskayaw.
  4947 | D:4      | Discovered your monstrous ancestry.
  4947 | D:4      | Gained mutation: You have large cloven feet. [demonic
                  | ancestry]
  4947 | D:4      | Reached XP level 7. HP: 41/46 MP: 11/11
  5367 | D:4      | Noticed Robin
  5383 | D:4      | Killed Robin
  5598 | D:5      | Entered Level 5 of the Dungeon
  6053 | D:5      | Reached skill level 8 in Ice Magic
  6239 | D:5      | Noticed Grinder
  6356 | D:5      | Mangled by an ogre

Illustrated notes

Levels and vault maps discovered:
D:1:      dpeg_arrival_castle, layout_loops_ring
D:2:      cheibrodos_helix_gallery, layout_loops_ring,
          kennysheep_generic_room_11
D:3:      layout_loops_cross, fedhas_altar_3, mainiacjoe_overflow_catwalk,
          portal_sewer_entry_a, serial_undead, serial_undead_c, serial_undead_f,
          serial_undead_b, serial_undead_d, serial_undead_c, serial_undead_a,
          serial_undead_e, shapermc_ecumenical_altar_starsandcircs
D:4:      kennysheep_goblin_castle, layout_loops_ring,
          nicolae_uskayaw_dance_hall, uniq_robin
D:5:      black_bear_nest_1, layout_cave_pods, grunt_qazlal_clouds,
          temple_green, uniq_grinder

Skill      XL: |  1  2  3  4  5  6  7 |
---------------+----------------------+-----
Ice Magic      | 4 5 6 7 8 |  8.2
Spellcasting   | 3 |  3.1
Dodging        | |  1.7
Stealth        | |  1.7

Action                   |  1- 3 |  4- 6 |  7- 9 || total
-------------------------+-------+-------+-------++-------
Melee: Unarmed           |    10 |       |       ||    10
       Short sword       |    37 |       |       ||    37
       Club              |     1 |       |       ||     1
       Scimitar          |    11 |    88 |    51 ||   150
       Punch             |       |     1 |     2 ||     3
       Kick              |       |       |    10 ||    10
 Cast: Freeze            |    27 |     1 |       ||    28
       Ozocubu's Armour  |     1 |     7 |     4 ||    12
       Frozen Ramparts   |       |     4 |     8 ||    12
  Use: Potion            |     1 |       |     3 ||     4
       Scroll            |       |     7 |     4 ||    11
 Stab: Sleeping          |     4 |     4 |       ||     8
Armor: Robe              |    15 |    20 |    22 ||    57
Dodge: Dodged            |    53 |    59 |    36 ||   148
